Map: Ephemeron LE

Players

DatBoiNYK - Winner!

  • Race: Zerg Zerg
  • League: Grandmaster
  • Spawn Location: 11:00

BrockTurner

  • Race: Protoss Protoss
  • League: Master
  • Spawn Location: 5:00

VOD

Have the link to the VOD?

Description

Time

  • Played on: Dec. 17, 2019, 10:45 a.m.
  • Length: 13:21
Show
View Real Time Build Order
Export as new Build Order

DatBoiNYK Zerg - Winner!

Build Orders: Hatch First, Swarm Host, Ravager All-In 

Get SALT Encoding   

  12  0:01  Drone  
  13  0:13  Overlord  
  13  0:26  Drone  
  14  0:32  Drone x2  
  16  0:53  Drone  
  17  0:59  Hatchery  
  17  1:03  Drone x2  
  18  1:19  Spawning Pool  
  17  1:30  Drone x2  
  19  1:53  Drone x3  
  23  2:08  Extractor  
  20  2:09  Extractor  
  20  2:10  Roach Warren  
  17  2:18  Drone x2  
  19  2:32  Queen  
  19  2:33  Overlord  
  21  2:43  Overlord  
  21  2:51  Roach  
  23  2:58  Roach  
  25  3:09  Roach  
  27  3:20  Roach  
  27  3:22  Ravager x2  
  31  3:30  Roach  
  33  3:38  Ravager  
  34  3:43  Overlord  
  34  3:58  Ravager  
  35  4:09  Ravager  
  36  4:16  Queen  
  38  4:19  Hatchery  
  37  4:41  Drone x3  
  40  4:53  Drone  
  38  5:25  Drone x3  
  39  5:33  Queen  
  35  5:42  Drone x2  
  34  5:48  Metabolic Boost  
  34  5:50  Lair  
  34  5:56  Drone x3  
  34  6:03  Drone x4  
  38  6:05  Zergling x2  
  38  6:08  Queen  
  41  6:12  Zergling x2  
  42  6:19  Overlord  
  42  6:24  Zergling x2  
  43  6:28  Overlord  
  43  6:32  Overlord x2  
  43  6:36  Drone  
  43  6:37  Overlord, Drone  
  45  6:44  Queen  
  47  6:52  Queen  
  47  6:53  Infestation Pit  
  47  7:19  Nydus Network  
  47  7:20  Queen, Drone x5  
  47  7:21  Drone x6  
  59  7:23  Extractor  
  59  7:24  Extractor  
  59  7:29  Queen  
  59  7:33  Swarm Host x2  
  65  7:38  Overlord x2  
  65  7:39  Overlord  
  65  7:49  Swarm Host x2  
  71  7:54  Roach x2  
  75  8:01  Swarm Host x3  
  75  8:05  Nydus Canal  
  84  8:13  Swarm Host x2  
  84  8:14  Swarm Host  
  84  8:15  Ravager  
  94  8:20  Overlord  
  94  8:28  Swarm Host x2  
  100  8:35  Nydus Canal  
  100  8:44  Swarm Host  
  100  8:45  Swarm Host  
  100  8:46  Overlord  
  100  8:47  Overlord  
  106  8:57  Nydus Canal  
  105  9:11  Swarm Host x3  
  114  9:25  Ravager  
  114  9:30  Overlord x3, Queen x2  
  119  9:34  Nydus Canal  
  119  9:47  Roach x2  
  123  9:59  Overlord  
  119  10:02  Roach  
  119  10:03  Roach x9  
  119  10:06  Queen x2  
  143  10:12  Nydus Canal  
  143  10:28  Nydus Canal  
  143  10:31  Ravager x4  
  143  10:34  Zergling x10  
  152  10:41  Glial Reconstitution  
  152  10:42  Queen  
  153  10:53  Spore Crawler  
  153  10:55  Spore Crawler  
  153  10:56  Spore Crawler  
  150  10:59  Hatchery, Spore Crawler  
  132  11:27  Nydus Canal  
  132  11:40  Overlord x2  
  132  11:41  Drone x2  
  132  11:42  Drone x8  
  142  11:52  Nydus Canal  
  142  11:54  Queen  
  135  12:00  Spore Crawler  
  120  12:22  Drone x7  
  125  12:25  Spore Crawler x2  
  125  12:26  Queen  
  125  12:34  Queen  
  125  12:37  Nydus Canal  
  123  13:10  Spire  
Show
View Real Time Build Order
Export as new Build Order

BrockTurner Protoss 

Build Orders: Cannon Rush 

Get SALT Encoding   

  12  0:01  Probe  
  13  0:13  Probe  
  14  0:19  Pylon  
  14  0:26  Probe (Chrono Boost)  
  15  0:39  Probe (Chrono Boost), Forge  
  16  0:44  Probe (Chrono Boost)  
  17  1:00  Probe  
  18  1:15  Pylon x2  
  18  1:33  Photon Cannon  
  18  1:34  Photon Cannon  
  18  1:39  Photon Cannon  
  18  1:41  Pylon  
  17  1:49  Photon Cannon  
  17  2:09  Probe (Chrono Boost)  
  18  2:19  Nexus  
  18  2:22  Gateway  
  18  2:23  Probe (Chrono Boost)  
  19  2:30  Assimilator  
  19  2:31  Assimilator  
  19  2:37  Pylon  
  19  2:42  Probe (Chrono Boost)  
  20  2:56  Pylon  
  20  2:59  Probe  
  20  3:02  Photon Cannon  
  21  3:11  Probe  
  22  3:14  Cybernetics Core  
  22  3:23  Probe  
  23  3:34  Photon Cannon  
  23  3:35  Probe  
  24  3:43  Photon Cannon  
  25  3:51  Stargate  
  24  3:56  Stalker (Chrono Boost)  
  26  4:07  Shield Battery  
  26  4:17  Shield Battery  
  26  4:33  Void Ray (Chrono Boost)  
  19  5:13  Pylon  
  14  5:27  Probe (Chrono Boost)  
  13  5:33  Probe (Chrono Boost)  
  11  5:38  Probe (Chrono Boost)  
  11  5:42  Probe (Chrono Boost)  
  11  5:46  Probe (Chrono Boost)  
  11  5:49  Probe (Chrono Boost)  
  13  5:51  Probe (Chrono Boost)  
  14  5:57  Probe  
  14  6:04  Probe  
  16  6:10  Probe  
  17  6:16  Probe  
  18  6:22  Probe  
  19  6:28  Probe  
  20  6:37  Pylon  
  20  6:38  Probe  
  21  6:40  Probe  
  22  6:51  Probe  
  22  6:53  Probe  
  24  6:58  Gateway  
  24  7:13  Probe x2  
  24  7:15  Pylon  
  26  7:25  Probe x2  
  26  7:27  Pylon  
  28  7:34  Warp Gate (Chrono Boost)  
  28  7:37  Probe  
  28  7:39  Phoenix (Chrono Boost)  
  32  7:44  Probe (Chrono Boost)  
  34  7:51  Probe (Chrono Boost)  
  35  7:59  Phoenix  
  35  8:04  Probe (Chrono Boost)  
  35  8:06  Probe (Chrono Boost)  
  35  8:11  Gateway  
  35  8:12  Assimilator  
  37  8:21  Stargate  
  37  8:29  Shield Battery  
  37  8:31  Probe x2  
  37  8:34  Sentry  
  41  8:43  Phoenix (Chrono Boost)  
  42  8:59  Phoenix (Chrono Boost)  
  42  9:02  Probe x2  
  48  9:16  Phoenix (Chrono Boost)  
  48  9:19  Phoenix (Chrono Boost), Probe  
  48  9:24  Probe  
  51  9:31  Probe  
  49  9:42  Phoenix x2  
  49  9:43  Probe  
  54  9:59  Probe  
  56  10:00  Probe  
  56  10:07  Phoenix  
  56  10:11  Probe  
  56  10:12  Probe  
  59  10:22  Phoenix  
  59  10:24  Probe x2  
  62  10:36  Probe  
  63  10:47  Phoenix  
  65  10:50  Probe x2  
  65  10:55  Assimilator  
  67  10:59  Pylon  
  67  11:00  Pylon  
  67  11:03  Pylon  
  67  11:17  Phoenix  
  48  12:24  Nexus  
  46  12:50  Nexus  
Tags
 
Add a new tag
Caveats
  • Supply blocks, unpowered buildings, or Contaminate may cause inaccurate times.
  • Supply counts are checked every 10 seconds.